Map: Ley Lines

Players

Zystem

  • Race: Protoss Protoss
  • League: Diamond
  • Spawn Location: 7:00

A.I. 1 (Very Easy) - Winner!

  • Race: Terran Terran
  • Spawn Location: 1:00

VOD

Have the link to the VOD?

Description

Time

  • Played on: June 19, 2025, 8:33 a.m.
  • Length: 5:53
Show
View Real Time Build Order
Export as new Build Order

Zystem Protoss 

Build Orders: 1 Gate Expand 

Get SALT Encoding   

  12  0:00  Probe  
  13  0:12  Probe  
  14  0:17  Pylon  
  14  0:24  Probe  
  15  0:35  Gateway  
  15  0:50  Assimilator  
  15  0:52  Probe  
  16  1:00  Probe  
  16  1:10  Probe  
  18  1:21  Zealot  
  18  1:22  Probe  
  21  1:38  Cybernetics Core  
  21  1:43  Nexus  
  21  2:30  Zealot  
  23  2:59  Assimilator  
  23  3:27  Nexus  
  23  3:37  Twilight Council  
  23  4:10  Charge  
Show
View Real Time Build Order
Export as new Build Order

A.I. 1 (Very Easy) Terran - Winner!

Build Orders:  

Get SALT Encoding   

  12  0:00  SCV  
  13  0:13  SCV  
  14  0:18  Supply Depot  
  14  0:37  Refinery  
  14  0:42  Barracks  
  14  1:03  Supply Depot  
  14  1:12  Refinery  
  14  1:30  Marine  
  14  1:31  Orbital Command  
  15  1:49  Barracks Tech Lab  
  15  1:57  SCV  
  16  2:09  SCV  
  17  2:18  Marine  
  17  2:21  SCV  
  19  2:33  SCV  
  20  2:45  SCV  
  21  2:58  SCV  
  22  3:06  Marauder  
Tags
 
League
Diamond
Matchup
PvT
Spawn Locations
Cross Positions
Add a new tag
Caveats
  • Supply blocks, unpowered buildings, or Contaminate may cause inaccurate times.
  • Supply counts are checked every 10 seconds.